 Dungeon Crawl Stone Soup version 0.22.1-57-g7394efd48c (webtiles) character file.

163 Descartes the Sneak (level 5, -1/25 HPs)
             Began as a Vine Stalker Wanderer on Mar 15, 2019.
             Slain by an orc
             ... wielding a +0 morningstar
              (6 damage)
             ... on level 3 of the Dungeon.
             The game lasted 00:14:18 (3792 turns).

Descartes the Sneak (Vine Stalker Wanderer)         Turns: 3792, Time: 00:14:18

Health: -1/25      AC:  3    Str: 17    XL:     5   Next: 44%
Magic:  0/10       EV: 11    Int: 15    God:
Gold:   129        SH:  0    Dex: 12    Spells: 3/9 levels left

rFire    + . .     SeeInvis .   q - +3 short sword (protect)
rCold    . . .     Gourm    .   (no shield)
rNeg     . . .     Faith    .   d - +0 robe
rPois    .         Spirit   +   (no helmet)
rElec    .         Reflect  .   (no cloak)
rCorr    .         Harm     .   (no gloves)
MR       .....                  y - +0 pair of boots
Stlth    ++........             n - amulet of magic regeneration
HPRegen  0.48/turn              F - ring of protection from fire
MPRegen  0.37/turn              s - +3 ring of strength

@: very slightly contaminated
A: fangs 2, regeneration 1, magic shield, antimagic bite, no potion heal 3, rot
immunity
a: no special abilities


You were on level 3 of the Dungeon.
You were very hungry.

You visited 1 branch of the dungeon, and saw 3 of its levels.

You collected 129 gold pieces.

Inventory:

Hand Weapons
 e - a +0 club
 f - a +0 dagger
 k - a +0 spear
 q - a +3 short sword of protection (weapon)
 v - a +0 long sword
 G - a +0 blowgun
Missiles
 b - 42 arrows
 i - 18 bolts
 j - 63 stones
 w - 2 javelins of returning (quivered)
 E - 29 poisoned needles
Armour
 d - a +0 robe (worn)
 h - a +0 leather armour
 y - a +0 pair of boots (worn)
Jewellery
 n - an amulet of magic regeneration (around neck)
 p - an uncursed ring of resist corrosion
 s - a +3 ring of strength (right hand)
 u - an uncursed amulet of the gourmand
 F - a ring of protection from fire (left hand)
Scrolls
 c - 2 scrolls of teleportation
 l - a scroll of amnesia {unknown}
 m - a scroll of enchant armour {unknown}
 o - a scroll of fear {unknown}
 t - 2 scrolls of blinking {unknown}
 z - a scroll of remove curse {unknown}
 A - a scroll of noise {unknown}
 C - a scroll of immolation {unknown}
Potions
 a - 5 potions of curing
 r - a potion of flight
 B - a potion of resistance
 D - a potion of brilliance {unknown}
Comestibles
 g - 4 rations
 x - 8 chunks of flesh


   Skills:
 + Level 1.1 Fighting
 - Level 2.4 Armour
 + Level 1.0 Dodging
 - Level 3.0 Stealth
 * Level 1.6 Unarmed Combat
 * Level 2.8 Spellcasting
 * Level 1.6 Conjurations
   Level 2.0 Hexes
 * Level 1.2 Air Magic
 * Level 2.3 Poison Magic


You had 3 spell levels left.
You knew the following spells:

 Your Spells              Type           Power        Failure   Level  Hunger
a - Sting                 Conj/Pois      #...         9%          1    #......
b - Mephitic Cloud        Conj/Pois/Air  #.......     30%         3    ###....
c - Swiftness             Chrm/Air       #.......     24%         2    ##.....

Your spell library contained the following spells:

 Spells                   Type           Power        Failure   Level  Hunger
 Poisonous Vapours        Pois/Air       #.....       14%         2    ##.....
 Olgreb's Toxic Radiance  Pois           #.......     61%         4    #####..
 Venom Bolt               Conj/Pois      #.........   94%         5    ######.


Dungeon Overview and Level Annotations

Branches:
Dungeon (3/15)

Altars:
Ru


Innate Abilities, Weirdness & Mutations

You have extremely sharp teeth.
Your natural rate of healing is unusually fast.
When hurt, damage is shared between your health and your magic reserves.
Your bite disrupts and absorbs the magic of your enemies.
Potions cannot restore your health.
You are immune to rotting.


Message History

You hit the orc.
The orc is moderately wounded.
The gnoll hits you but does no damage. The orc hits you with a morningstar.
You barely miss the orc. You bite the orc, but do no damage.
The orc is lightly wounded.
The gnoll misses you. The orc barely misses you.
You are feeling very hungry.
You hit the gnoll.
The gnoll is almost dead.
The gnoll barely misses you. The orc barely misses you.
You hit the orc but do no damage. Your bite misses the orc.
The orc is lightly wounded.
The gnoll barely misses you. The orc hits you with a morningstar!
* * * LOW HITPOINT WARNING * * *
Found 15 bolts.
There is a stone staircase leading up here.
The gnoll hits you with a club.
* * * LOW HITPOINT WARNING * * *
The orc hits you with a morningstar!
You die...

..................
............#.#...
.####...#####.#...
#.........#... #
#...#####..... . #...#
#####. #.###. ##.##
####. ......######.#
#....
.......@g.##†#######.##.
#.###.#o#...............
#..........)##.##.....
###...#..#...........÷
....###..#[....##.....
#.(####..#..##.##.....
#..............##.##..
#.########........###.
#.######## #.


You could see a gnoll and an orc.

Vanquished Creatures
  An orc wizard (D:3)
  3 gnolls
  2 adders (D:3)
  2 oozes
  A worm (D:2)
  3 leopard geckos
  4 orcs (D:3)
  8 bats
  3 giant cockroaches
  7 goblins
  8 hobgoblins
  4 jackals (D:1)
  2 quokkas (D:3)
  A ball python (D:3)
  4 frilled lizards
  12 kobolds
  3 rats
68 creatures vanquished.

Notes
Turn   | Place    | Note
-------+----------+-------------------------------------------
     0 | D:1      | Descartes the Vine Stalker Wanderer began the quest for the
                  | Orb.
     0 | D:1      | Descartes set off with: a scroll of teleportation, a +0
                  | robe, a +0 club, a +0 dagger, a ration
     0 | D:1      | Reached XP level 1. HP: 9/9 MP: 4/4
     2 | D:1      | Learned a level 1 spell: Sting
   606 | D:1      | Reached XP level 2. HP: 11/13 MP: 4/6
   836 | D:1      | Reached skill level 1 in Unarmed Combat
  1378 | D:1      | Reached XP level 3. HP: 17/17 MP: 7/7
  1387 | D:1      | Learned a level 3 spell: Mephitic Cloud
  2472 | D:2      | Reached skill level 1 in Conjurations
  2663 | D:2      | Gained mutation: Your natural rate of healing is unusually
                  | fast. [Vine Stalker growth]
  2663 | D:2      | Reached XP level 4. HP: 17/21 MP: 5/8
  2793 | D:2      | Reached skill level 3 in Stealth
  3499 | D:3      | Found a sacrificial altar of Ru.
  3579 | D:3      | Reached skill level 1 in Fighting
  3600 | D:3      | Reached XP level 5. HP: 25/25 MP: 6/10
  3604 | D:3      | Learned a level 2 spell: Swiftness
  3628 | D:3      | Reached skill level 1 in Air Magic
  3775 | D:3      | Reached skill level 1 in Dodging
  3792 | D:3      | Slain by an orc

Skill      XL: |  1  2  3  4  5 |
---------------+----------------+-----
Unarmed Combat | 1 |  1.6
Conjurations   | 1 |  1.6
Stealth        | 3 |  3.0
Poison Magic   | 2 |  2.3
Fighting       | 1 |  1.1
Air Magic      | 1 |  1.2
Dodging        | 1 |  1.0
Armour         | |  2.4
Spellcasting   | |  2.8
Hexes          | |  2.0

Action                   |  1- 3 |  4- 6 || total
-------------------------+-------+-------++-------
Melee: Club              |    36 |       ||    36
       Bite              |    14 |    13 ||    27
       Spear             |    51 |       ||    51
       Short sword       |    12 |    62 ||    74
 Cast: Sting             |    26 |    34 ||    60
       Mephitic Cloud    |       |     2 ||     2
  Use: Scroll            |       |     3 ||     3
 Stab: Sleeping          |     3 |     3 ||     6
  Eat: Chunk             |     4 |     2 ||     6
       Ration            |       |     1 ||     1
Armor: Robe              |     9 |    24 ||    33
Dodge: Dodged            |    46 |    36 ||    82
